Map: Lost and Found LE

Players

LiquidMaNa (MaNa) - Winner!

  • Race: Protoss Protoss
  • League: Grandmaster
  • Spawn Location: 1:00

LiquidTLO (TLO)

  • Race: Zerg Zerg
  • League: Grandmaster
  • Spawn Location: 7:00

Event: HomeStory Cup XVII

VOD

Have the link to the VOD?

Description

Time

  • Played on: June 28, 2018, 3:04 p.m.
  • Length: 10:06

All games in this series

Show
View Real Time Build Order
Export as new Build Order

LiquidMaNa Protoss - Winner!

Build Orders: 1 Gate Expand, Oracle Opening, Archon Immortal, Zealot Archon, Archon Drop 

Get SALT Encoding   

  12  0:00  Probe  
  13  0:12  Probe  
  14  0:18  Pylon  
  14  0:24  Probe  
  15  0:32  Probe  
  15  0:37  Assimilator  
  15  0:40  Probe  
  16  0:47  Gateway  
  17  0:50  Probe  
  18  0:58  Probe  
  19  1:06  Probe  
  20  1:23  Nexus  
  20  1:35  Cybernetics Core  
  20  1:36  Probe  
  21  1:44  Assimilator  
  21  1:48  Probe  
  21  1:53  Pylon  
  22  2:00  Probe  
  23  2:01  Stalker  
  23  2:11  Warp Gate  
  23  2:13  Probe  
  26  2:25  Probe  
  26  2:28  Stargate  
  27  2:33  Adept  
  27  2:34  Probe  
  30  2:37  Probe  
  30  2:42  Probe  
  31  2:49  Probe  
  31  2:50  Probe  
  34  3:01  Oracle, Probe  
  34  3:02  Probe  
  39  3:13  Probe  
  39  3:14  Probe  
  39  3:17  Gateway  
  41  3:22  Assimilator  
  41  3:23  Assimilator  
  41  3:25  Probe  
  41  3:26  Probe  
  43  3:30  Robotics Facility  
  43  3:34  Pylon  
  43  3:37  Probe x2  
  45  3:45  Probe  
  45  3:50  Twilight Council  
  45  3:52  Probe  
  45  3:54  Probe  
  48  4:05  Probe  
  48  4:06  Probe  
  48  4:07  Warp Prism  
  50  4:10  Gateway  
  50  4:11  Gateway  
  50  4:18  Pylon  
  50  4:19  Probe  
  50  4:21  Probe  
  54  4:29  Charge  
  54  4:30  Templar Archives  
  54  4:34  Pylon  
  54  4:36  Probe  
  55  4:50  Nexus  
  55  5:05  Gateway  
  55  5:06  Gateway  
  55  5:08  High Templar x2  
  55  5:09  High Templar x2  
  55  5:11  Probe x2  
  65  5:14  Archon x2  
  65  5:16  Observer  
  65  5:19  Gateway  
  65  5:20  Gateway  
  66  5:25  Pylon  
  66  5:31  Probe x2  
  66  5:33  Immortal  
  68  5:45  Robotics Facility  
  68  5:47  Probe x2  
  74  5:59  Zealot x2  
  74  6:01  Zealot x2  
  82  6:06  Shield Battery, Pylon  
  82  6:07  Observer  
  82  6:12  Immortal  
  86  6:20  Zealot x3  
  92  6:26  Pylon  
  92  6:28  Pylon  
  92  6:32  High Templar x2, Zealot  
  98  6:33  Sentry  
  98  6:38  Archon  
  100  6:46  Zealot x4  
  108  6:52  Immortal  
  112  6:56  Zealot  
  114  7:06  Immortal  
  114  7:07  Zealot x2  
  101  7:16  Zealot x3  
  93  7:25  Zealot  
  93  7:26  Zealot  
  91  7:34  Zealot x3  
  93  7:37  Immortal  
  95  7:45  Probe x2  
  95  7:46  Phoenix  
  95  7:52  High Templar x4  
  95  7:55  Immortal  
  95  7:56  Archon  
  95  7:57  Archon, Probe x2  
  95  7:58  Probe  
  112  8:09  Probe  
  112  8:11  Zealot  
  112  8:12  Zealot  
  117  8:21  Pylon  
  117  8:24  Assimilator  
  117  8:28  Assimilator  
  117  8:33  Forge  
  117  8:39  Immortal, Phoenix  
  119  8:44  Sentry x2  
  119  8:45  Probe  
  119  8:47  Zealot  
  122  9:10  Zealot  
  122  9:14  Pylon  
  122  9:15  Pylon  
  122  9:16  Pylon  
  124  9:26  Phoenix  
  124  9:35  Nexus, Zealot x8  
  138  9:51  Probe x2  
Show
View Real Time Build Order
Export as new Build Order

LiquidTLO Zerg 

Build Orders: Hatch First 

Get SALT Encoding   

  12  0:01  Drone  
  13  0:08  Drone  
  14  0:16  Overlord  
  14  0:35  Drone x2  
  16  0:49  Hatchery  
  15  0:51  Drone  
  15  0:55  Drone  
  17  0:58  Drone  
  18  1:06  Extractor  
  17  1:14  Spawning Pool  
  17  1:18  Drone  
  17  1:20  Drone  
  18  1:29  Drone  
  19  1:41  Drone  
  20  1:51  Drone  
  21  2:00  Queen  
  21  2:01  Drone x2  
  24  2:08  Hatchery  
  24  2:12  Metabolic Boost  
  24  2:15  Drone  
  25  2:20  Overlord  
  25  2:23  Drone  
  25  2:26  Drone  
  27  2:34  Drone  
  28  2:38  Queen  
  28  2:40  Drone  
  28  2:43  Queen  
  33  2:49  Overlord  
  33  2:50  Zergling x2  
  34  2:58  Overlord, Drone  
  35  3:08  Drone  
  35  3:09  Roach Warren, Drone  
  36  3:14  Extractor  
  36  3:17  Drone x2  
  36  3:19  Drone  
  38  3:24  Queen  
  38  3:26  Overlord  
  40  3:27  Drone  
  40  3:33  Lair  
  41  3:35  Drone  
  41  3:38  Drone  
  41  3:39  Drone  
  41  3:40  Zergling x2  
  45  3:44  Drone  
  45  3:46  Drone x2  
  48  3:50  Overlord  
  48  3:55  Spore Crawler  
  48  3:57  Spore Crawler  
  48  3:58  Drone  
  47  4:03  Drone  
  47  4:04  Drone  
  47  4:08  Drone x3  
  47  4:09  Drone  
  52  4:11  Drone  
  52  4:13  Drone x2  
  55  4:19  Spore Crawler, Drone  
  55  4:20  Drone  
  55  4:23  Drone  
  57  4:25  Overlord  
  57  4:27  Extractor  
  57  4:28  Drone x2  
  57  4:31  Drone  
  59  4:32  Drone  
  59  4:33  Drone  
  59  4:35  Drone  
  59  4:38  Glial Reconstitution  
  62  4:43  Drone  
  62  4:44  Drone  
  64  4:46  Roach x3  
  64  4:49  Roach, Extractor  
  64  4:52  Roach  
  73  4:53  Extractor  
  73  4:54  Roach  
  73  4:58  Pneumatized Carapace  
  73  4:59  Overlord  
  75  5:00  Overlord  
  75  5:05  Overlord  
  75  5:08  Overlord  
  75  5:09  Overlord  
  75  5:11  Overlord  
  74  5:15  Overlord  
  74  5:18  Overlord, Roach  
  78  5:21  Roach  
  78  5:24  Roach  
  78  5:25  Roach  
  78  5:27  Roach  
  78  5:28  Roach  
  86  5:32  Roach  
  86  5:33  Roach  
  86  5:34  Roach  
  92  5:36  Roach  
  92  5:37  Ravager  
  92  5:39  Roach  
  92  5:42  Roach  
  95  5:44  Roach  
  95  5:45  Roach  
  99  5:52  Roach x2  
  99  5:53  Roach  
  99  5:54  Roach  
  99  5:56  Roach  
  109  5:59  Overlord  
  109  6:01  Roach  
  109  6:03  Overlord  
  111  6:05  Ravager  
  111  6:06  Roach  
  111  6:07  Roach  
  111  6:09  Roach  
  118  6:13  Roach  
  118  6:15  Roach  
  120  6:21  Roach  
  120  6:23  Roach x2, Queen  
  128  6:27  Roach  
  128  6:28  Zergling x4  
  128  6:29  Roach  
  128  6:30  Zergling x2  
  128  6:31  Zergling x2  
  136  6:34  Zergling x2  
  136  6:37  Zergling x2  
  139  6:40  Ravager, Zergling x2  
  140  6:50  Roach  
  142  6:55  Zergling x2  
  143  7:01  Zergling x2  
  143  7:06  Zergling x2  
  143  7:07  Queen x2, Zergling x6  
  135  7:10  Roach  
  135  7:11  Roach  
  126  7:17  Roach  
  126  7:21  Roach  
  126  7:22  Ravager, Zergling x2  
  114  7:24  Queen  
  114  7:28  Roach  
  95  7:30  Roach  
  95  7:32  Extractor  
  95  7:33  Extractor  
  95  7:36  Spire, Drone  
  88  7:38  Zergling x2  
  88  7:41  Drone  
  88  7:43  Queen x2  
  88  7:45  Roach  
  89  7:53  Drone  
  89  7:56  Drone x2  
  92  8:00  Queen, Zergling x2  
  92  8:03  Drone  
  92  8:04  Drone x2, Hatchery  
  97  8:06  Drone  
  97  8:08  Drone  
  97  8:11  Drone  
  100  8:14  Overlord  
  100  8:17  Drone x2  
  102  8:21  Drone  
  102  8:23  Drone x2  
  102  8:26  Hatchery  
  104  8:28  Overlord x2  
  104  8:30  Overlord  
  104  8:32  Overlord  
  104  8:43  Overlord  
  104  8:49  Mutalisk  
  104  8:50  Mutalisk x7  
  120  8:56  Mutalisk  
  120  8:58  Mutalisk  
  120  9:01  Mutalisk  
  126  9:03  Roach  
  126  9:04  Zergling x2  
  126  9:07  Zergling x2  
  126  9:08  Zergling x2  
  126  9:09  Mutalisk  
  123  9:12  Mutalisk  
  123  9:14  Zergling x2  
  123  9:16  Zergling x2  
  129  9:18  Mutalisk  
  129  9:24  Mutalisk  
  129  9:30  Mutalisk  
  111  9:34  Zergling x2  
  111  9:36  Zergling x2  
  111  9:37  Zergling x12  
  111  9:38  Zergling x2  
Tags
 
Add a new tag
Caveats
  • Supply blocks, unpowered buildings, or Contaminate may cause inaccurate times.
  • Supply counts are checked every 10 seconds.